 Dungeon Crawl Stone Soup version 0.24-a0-250-g6074511 (webtiles) character file.

Game seed: 1567894226379230546

679 RoseArtemis the Cudgeler (level 7, -7/64 HPs)
             Began as a Deep Dwarf Monk on Apr 14, 2019.
             Mangled by an ogre
             ... wielding a +0 giant club
              (18 damage)
             ... on level 4 of the Dungeon.
             The game lasted 00:10:22 (2218 turns).

RoseArtemis the Cudgeler (Deep Dwarf Monk)          Turns: 2218, Time: 00:10:23

Health: -7/64      AC:  5    Str: 16    XL:     7   Next: 34%
Magic:  0/5        EV: 13    Int: 11    God:
Gold:   115        SH:  0    Dex: 15    Spells: 6/6 levels left

rFire    + . .     SeeInvis .   a - +0 mace
rCold    . . .     Gourm    .   (no shield)
rNeg     . . .     Faith    .   b - +1 robe {rF+}
rPois    .         Spirit   +   (no helmet)
rElec    .         Reflect  .   t - scarf {Spirit}
rCorr    .         Harm     .   r - +1 pair of gloves
MR       +....                  (no boots)
Stlth    +++.......             (no amulet)
HPRegen  0.00/turn              (no ring)
MPRegen  0.09/turn              (no ring)

@: non-regenerating
A: damage resistance, heal wounds, sense surroundings 1, no regeneration
a: Heal Wounds


You were on level 4 of the Dungeon.
You were not hungry.

You visited 1 branch of the dungeon, and saw 4 of its levels.

You collected 115 gold pieces.

Inventory:

Hand Weapons
 a - a +0 mace (weapon)
Missiles
 e - 158 stones (quivered)
Armour
 b - a +1 robe of fire resistance (worn)
 h - a +0 shield
 r - a +1 pair of gloves (worn)
 t - a scarf of spirit shield (worn)
Scrolls
 d - a scroll of magic mapping
 l - 2 scrolls of teleportation
Potions
 g - 3 potions of curing
 k - a potion of haste
 m - a potion of lignification
 o - a potion of flight
 p - a potion of ambrosia {unknown}
 s - a potion of degeneration {unknown}
Comestibles
 c - 6 rations
 f - 5 chunks of flesh


   Skills:
 + Level 4.2 Fighting
 * Level 5.9 Maces & Flails
 + Level 3.6 Armour
 - Level 3.2 Dodging
 + Level 5.2 Stealth


You had 6 spell levels left.
You didn't know any spells.
Your spell library was empty.

Dungeon Overview and Level Annotations

Branches:
Dungeon (4/15)
 Temple: D:4-7

Altars:
Kikubaaqudgha

Shops:
D:4 [?=!


Innate Abilities, Weirdness & Mutations

You are resistant to damage.
You can heal yourself by infusing magical energy.
You passively map a small area around you.
You do not regenerate.


Message History

Moving in this stuff is going to be slow.
You see here a crocodile skeleton.
l - 2 scrolls of teleportation (gained 1)
You enter the shallow water.
Moving in this stuff is going to be slow.
The ogre is too close now for your liking.
You feel much better.
Found a glowing spear.
Found a stone staircase leading down.
The ogre hits you but does no damage.
You hit the ogre but do no damage. The ogre barely misses you.
You hit the ogre.
The ogre hits you with a +0 giant club!!
You hit the ogre. You sock the ogre!
The ogre hits you with a +0 giant club!!
* * * LOW HITPOINT WARNING * * *
You hit the ogre but do no damage.
The ogre hits you with a +0 giant club!!
You die...

,≈≈≈≈≈≈≈≈.≈♣#.......,,*,*,,,,,*,,
,,≈≈≈.≈≈≈÷P.#....##..,,,,,*,,**..
*P≈≈.≈.≈♣...#....##..,*,#.#,,**..
*,.♣♣..P...#.........,,,...,,,*,.
,,.....#.).+.........,*,,...,,+,,
*,.##.,##<.##..####.,**,,*#..**,,
***##..##..##..############..##+#
#.............................
#............@................
#....#..###'##O...##.,##.###.#
##...#####..#*....#******###.#
###.* #.>.),.....# #...# ##*
#....,.....# #...# ##........##
#####..# ##############....#+#
#............. #.#.#.#.#.....


You could see an ogre.

Vanquished Creatures
  Sigmund (D:3)
  Duvessa (D:4)
  A centaur (D:3)
  A crocodile (D:4)
  Dowan (D:4)
  A hound (D:3)
  Jessica (D:3)
  5 adders
  2 oozes
  A worm (D:3)
  An adder skeleton (D:4)
  3 dart slugs
  4 leopard geckos
  5 orcs
  6 bats
  5 giant cockroaches
  4 goblins
  6 hobgoblins
  2 jackals (D:3)
  A quokka (D:2)
  A ball python (D:2)
  A ball python skeleton (D:4)
  5 frilled lizards
  7 kobolds
  14 rats
80 creatures vanquished.

Notes
Turn   | Place    | Note
-------+----------+-------------------------------------------
     0 | D:1      | RoseArtemis the Deep Dwarf Monk began the quest for the
                  | Orb.
     0 | D:1      | Reached XP level 1. HP: 20/20 MP: 1/1
    73 | D:1      | Reached XP level 2. HP: 5/27 MP: 2/2
   179 | D:1      | Reached skill level 1 in Armour
   239 | D:1      | Reached XP level 3. HP: 18/33 MP: 2/2
   849 | D:2      | Reached XP level 4. HP: 32/42 MP: 2/2
  1088 | D:3      | Found an ancient bone altar of Kikubaaqudgha.
  1264 | D:3      | Noticed a centaur
  1282 | D:3      | HP: 2/42 [centaur (3)]
  1287 | D:3      | Killed a centaur
  1287 | D:3      | Reached XP level 5. HP: 20/49 MP: 3/3
  1311 | D:3      | Noticed Sigmund
  1331 | D:3      | Killed Sigmund
  1331 | D:3      | Reached skill level 5 in Maces & Flails
  1331 | D:3      | Reached XP level 6. HP: 40/57 MP: 4/4
  1892 | D:3      | Noticed Jessica
  1915 | D:3      | Killed Jessica
  2018 | D:4      | Noticed Duvessa
  2037 | D:4      | Noticed Dowan
  2055 | D:4      | Killed Duvessa
  2055 | D:4      | Reached XP level 7. HP: 39/64 MP: 0/5
  2065 | D:4      | Killed Dowan
  2065 | D:4      | Reached skill level 5 in Stealth
  2077 | D:4      | Found Foepimo's Distillery.
  2079 | D:4      | Found Taczetz's Magic Scroll Shop.
  2079 | D:4      | Found Iwiqairr's Jewellery Shop.
  2084 | D:4      | Found Xaqiud's Armour Shop.
  2218 | D:4      | Mangled by an ogre

Levels and vault maps discovered:
D:1:      minmay_arrival_glassed_features, layout_basic
D:2:      layout_loops_ring, minmay_tromino_v4_b
D:3:      layout_basic, lemuel_round_altar, first_ration, uniq_jessica,
          uniq_sigmund
D:4:      layout_gridville, serial_glass, glass_columns_a, glass_columns_b,
          glass_columns_a, glass_columns_b, glass_columns_b, glass_columns_c,
          glass_columns_a, glass_columns_a, glass_columns_c, glass_columns_c,
          minmay_misc_feat_encased, chequers_serial_rivers_room_b,
          chequers_serial_rivers_large_a, minmay_shop_grid_forest, st_stairs_4,
          serial_bayou_pond_b, uniq_duvessa

Skill      XL: |  1  2  3  4  5  6  7 |
---------------+----------------------+-----
Armour         | 1 2 3 |  3.6
Stealth        | 3 4 5 |  5.2
Fighting       | 3 4 |  4.2
Maces & Flails | 4 5 |  5.9
Dodging        | |  3.2

Action                   |  1- 3 |  4- 6 |  7- 9 || total
-------------------------+-------+-------+-------++-------
Melee: Mace              |   136 |   150 |    39 ||   325
 Abil: Heal Wounds       |     2 |     5 |     3 ||    10
  Use: Scroll            |       |    10 |     1 ||    11
 Stab: Sleeping          |     2 |     5 |       ||     7
  Eat: Chunk             |       |     4 |     1 ||     5
Armor: Robe              |    23 |    18 |     5 ||    46
       Chain mail        |       |    27 |       ||    27
Dodge: Dodged            |   109 |   107 |    24 ||   240

Table legend:
 A = Non-vault XP
 B = Vault XP
 C = Vault XP percentage of total XP
 D = Non-vault monster count
 E = Vault monster count
 F = Vault count percentage of total count
                 A         B        C        D         E       F
            +---------+---------+-------+---------+---------+-------
      Total |     471 |     499 |  51.4 |      73 |       7 |   8.8
            +---------+---------+-------+---------+---------+-------
        D:1 |      53 |       0 |   0.0 |      28 |       0 |   0.0
        D:2 |      59 |       1 |   1.7 |      14 |       1 |   6.7
        D:3 |     233 |     268 |  53.5 |      27 |       2 |   6.9
        D:4 |     126 |     230 |  64.6 |       4 |       4 |  50.0
            +---------+---------+-------+---------+---------+-------
